 Dungeon Crawl Stone Soup version 0.32-a0-350-g4f4d228785 (webtiles) character file.

Game seed: 13893732842963253801

3878 PriceMaster the Arsonist (level 10, -9/58 HPs)
             Began as an Octopode Fire Elementalist on Feb 18, 2024.
             Was a Follower of Vehumet.
             Killed from afar by a steam dragon (14 damage)
             ... with a ball of steam
             ... on level 8 of the Dungeon.
             The game lasted 00:19:16 (9942 turns).

PriceMaster the Arsonist (OpFE)                     Turns: 9942, Time: 00:19:18

Health: -9/58      AC:  1    Str: 10 (11) XL:     10   Next: 19%
Magic:  4/20       EV: 14    Int: 18 (20) God:    Vehumet [*.....]
Gold:   401        SH:  0    Dex: 15      Spells: 6/22 levels left

rFire   . . .        l - +6 dagger (spect)
rCold   + . .        (no shield)
rNeg    . . .        (helmet restricted)
rPois   .            (no amulet)
rElec   .            k - ring of protection from cold
rCorr   .            (no ring)
SInv    .            (no ring)
Will    .....        (no ring)
Stlth   ++++         (no ring)
HPRegen 0.29/turn    (no ring)
MPRegen 0.17/turn    (no ring)
                     (no ring)

%: no passive effects
@: mighty, slowed, very slow
A: almost no armour, amphibious, 8 rings, camouflage 1, gelatinous body 1,
(nimble swimmer 1), tentacles, agile 1, deterioration 1, strong 1
a: Renounce Religion


You were on level 8 of the Dungeon.
You worshipped Vehumet.
Vehumet was aware of your devotion.
You visited 1 branch of the dungeon, and saw 8 of its levels.
You also visited: Ossuary.

You collected 401 gold pieces.

Inventory:

Hand Weapons
 l - a +6 spectral dagger (weapon)
Jewellery
 k - a ring of protection from cold (left tentacle)
Wands
 e - a wand of polymorph (6)
Scrolls
 a - 4 scrolls of revelation
 i - a scroll of teleportation
 o - 2 scrolls of vulnerability {unknown}
 q - a scroll of noise
 r - 3 scrolls of amnesia
 t - a scroll of torment
 v - 2 scrolls of silence
 w - 2 scrolls of identify
 x - a scroll of poison {unknown}
Potions
 b - 5 potions of enlightenment
 c - 5 potions of curing
 d - a potion of resistance
 f - a potion of berserk rage
 g - 2 potions of attraction
 j - a potion of might
 m - a potion of haste
 p - a potion of degeneration
 s - a potion of heal wounds
 u - 2 potions of invisibility {unknown}
 z - a potion of brilliance {unknown}


   Skills:
 + Level 1.2 Fighting
 + Level 1.4 Short Blades
 + Level 2.8 Dodging
 + Level 4.7 Stealth
 + Level 6.9 Spellcasting
 + Level 4.0 Conjurations
 + Level 3.4 Hexes
 + Level 2.2 Translocations
 * Level 10.4 Fire Magic


You had 6 spell levels left.
You knew the following spells:

 Your Spells              Type           Power      Damage    Failure   Level
a - Foxfire               Conj/Fire      100%       2x1d9     1%          1
b - Scorch                Fire           86%        2d8       1%          2
c - Inner Flame           Hex/Fire       31%        N/A       1%          3
d - Flame Wave            Conj/Fire      32%        2d9       5%          4
e - Volatile Blastmotes   Fire/Tloc      58%        2d14      2%          3
f - Gell's Gravitas       Tloc           14%        N/A       13%         3

Your spell library contained the following spells:

 Spells                   Type           Power      Damage    Failure   Level
 Magic Dart               Conj           80%        1d7       1%          1
 Shock                    Conj/Air       52%        1d6       4%          1
 Lesser Beckoning         Tloc           28%        N/A       6%          2
 Teleport Other           Tloc           14%        N/A       13%         3
 Mercury Vapours          Alch/Air       12%        N/A       17%         2
 Vampiric Draining        Necr           6%         2d6       32%         3
 Manifold Assault         Tloc           14%        N/A       38%         4
 Silence                  Hex/Air        6%         N/A       83%         5
 Borgnjor's Vile Clutch   Necr/Erth      3%         N/A       97%         5
 Dispersal                Tloc           7%         N/A       100%        6
 Malign Gateway           Summ/Tloc      5%         N/A       100%        7
 Summon Horrible Things   Summ           3%         N/A       100%        8


Dungeon Overview and Level Annotations

Branches:
Dungeon (8/15)             Temple (0/1) D:7         Ossuary (visited)
   Lair: D:8-11

Altars:
Ashenzari
Elyvilon
Makhleb
Okawaru
Vehumet

Shops:
D:4 [


Innate Abilities, Weirdness & Mutations

You cannot wear most types of armour.
You are amphibious.
You can wear up to eight rings at the same time.
Your skin changes colour to match your surroundings (Stealth+).
Your rubbery body absorbs attacks. (AC +1, EV +1)
((You are camouflaged when in or above water. (Stealth+)))
You have tentacles for arms and can constrict up to eight enemies at once.
You are agile. (Dex +4, Str/Int -1)
Your body sometimes deteriorates upon taking damage.
Your muscles are strong. (Str +4, Int/Dex -1)


Message History

Something closely misses your butterfly.
The howler monkey hits your butterfly!
Your butterfly dies!
Your butterfly disappears in a burst of colours!
The hornet stings you!
Your body deteriorates!
You feel dopey.
You feel yourself slow down.
Casting: Inner Flame (safe; 1% risk of failure)
Confirm with . or Enter, or press ? or * to list all spells.
Flames lash the jelly.
The jelly is heavily wounded.
The jelly's fire resistance burns away.
You feel yourself speed up. Something misses your butterfly.
Something barely misses your butterfly. Something misses your butterfly.
The hornet stings you!
You feel yourself slow down. The kobold misses your butterfly.
The hornet stings you!
* * * LOW HITPOINT WARNING * * *
Your body deteriorates!
You feel dopey.
You feel as though you will be slow longer.
Something misses your butterfly.
The kobold barely misses your butterfly.
The howler monkey hits your butterfly.
Your butterfly dies!
Your butterfly disappears in a burst of colours!
Something misses your butterfly.
Blink to where?
Press: ? - help, Dir - move target
As you read the scroll of blinking, it crumbles to dust.
The hornet completely misses your butterfly.
The howler monkey hits your butterfly.
Your butterfly dies!
Your butterfly disappears in a burst of colours!
The hornet misses your butterfly. The steam dragon breathes steam at you.
The ball of steam hits your butterfly!
Your butterfly dies!
Your butterfly disappears in a burst of colours!
The ball of steam hits you!
You die...

..#### #§# '###.# ##§#
...#.# #..#
################.
.#.#.#
#..........y§.bKF.....
.....#
#..#h..#.Jb#..b#b..#
#.##.#
#...#!#.o.#$#.b.#!#.
).##.#
#....#..D#b.b#bbb#
####.#
#.....§§.h..b.{bb.....
####.#
#..#.@.#g..#D..#b..#..
.....#
#...#$#bb.#.#...#.#...
.##[.+ #..
.#...#..b#.. #....
.##### #. ..
........... .... ....#
# .#. .#...#...#. #..
###.# ...#
#...#)#...#[ .. .##.#
#. . . #. . ....# . ..
b. .. ..<##


You could see a hornet, a steam dragon (catching breath), an orc warrior, a
howler monkey and a jelly (combustible).

Vanquished Creatures
  Pikel (D:4)
  Grinder (D:4)
  A wraith (D:8)
  A wyvern (D:8)
  3 water moccasins
  An ice beast (D:7)
  3 sky beasts
  2 black bears (D:6)
  An orc warrior (D:6)
  An ogre (D:6)
  A centaur (D:8)
  2 phantoms
  A kobold brigand (D:7)
  4 bullfrogs
  A scorpion (D:5)
  2 wights (Ossuary)
  A burial acolyte (Ossuary)
  A killer bee (D:8)
  3 howler monkeys (D:7)
  A bombardier beetle (D:4)
  6 hounds
  A jelly (D:7)
  3 orc priests
  2 sleepcaps (D:5)
  4 iguanas
  3 orc wizards
  A mummy (Ossuary)
  7 adders
  4 gnolls
  2 shadow imps
  A white imp (D:7)
  10 ufetubi
  2 dart slugs (D:1)
  A ribbon worm (D:3)
  13 orcs
  10 ball pythons
  8 endoplasms
  5 giant cockroaches
  7 goblins
  6 hobgoblins
  3 jackals (D:2)
  7 kobolds
  3 quokkas (D:2)
  4 bats
  A frilled lizard (D:3)
  4 gnoll skeletons (Ossuary)
  7 kobold skeletons (Ossuary)
  9 orc skeletons (Ossuary)
  5 rats
171 creatures vanquished.

Vanquished Creatures (others)
  329 foxfires
329 creatures vanquished.

Grand Total: 500 creatures vanquished

Notes
Turn   | Place    | Note
-------+----------+-------------------------------------------
     0 | D:1      | PriceMaster the Octopode Fire Elementalist began the quest
                  | for the Orb.
     0 | D:1      | Reached XP level 1. HP: 11/11 MP: 3/3
   148 | D:1      | Reached XP level 2. HP: 17/17 MP: 0/5
   380 | D:1      | Learned a level 2 spell: Scorch
   601 | D:1      | Reached XP level 3. HP: 15/21 MP: 6/6
   690 | D:1      | Reached skill level 4 in Fire Magic
  1072 | D:2      | You fall into a shaft and drop 1 floor!
  1081 | D:3      | Reached XP level 4. HP: 27/27 MP: 3/7
  1364 | D:3      | Learned a level 3 spell: Inner Flame
  1942 | D:2      | Reached XP level 5. HP: 31/31 MP: 3/9
  2599 | D:3      | Reached skill level 5 in Fire Magic
  2604 | D:3      | Reached XP level 6. HP: 24/36 MP: 0/10
  2875 | D:4      | Found Huuror's Antique Armour Shop.
  3272 | D:4      | Noticed Grinder
  3280 | D:4      | Killed Grinder
  3281 | D:4      | Reached skill level 6 in Fire Magic
  3281 | D:4      | Reached XP level 7. HP: 28/42 MP: 3/12
  3382 | D:4      | Noticed Pikel
  3395 | D:4      | Killed Pikel
  3396 | D:4      | Reached skill level 1 in Fighting
  3396 | D:4      | Reached skill level 1 in Short Blades
  3396 | D:4      | Reached skill level 1 in Hexes
  3396 | D:4      | Reached skill level 7 in Fire Magic
  3396 | D:4      | Reached XP level 8. HP: 15/48 MP: 1/14
  3716 | D:4      | Got the Grimoire of Angles and Coffins
  4102 | D:5      | Entered Level 5 of the Dungeon
  4174 | D:5      | Found an iron altar of Okawaru.
  4174 | D:5      | Found a broken altar of Ashenzari.
  4426 | D:5      | Reached skill level 8 in Fire Magic
  4570 | D:5      | Reached skill level 5 in Spellcasting
  5196 | D:5      | Learned a level 4 spell: Flame Wave
  5200 | D:5      | Learned a level 3 spell: Volatile Blastmotes
  5396 | D:6      | Reached XP level 9. HP: 53/53 MP: 3/17
  5515 | D:6      | Found a sand-covered staircase.
  5530 | D:6      | Found a radiant altar of Vehumet.
  5542 | Ossuary  | Entered an ossuary
  5926 | Ossuary  | Identified a scroll of acquirement
  5927 | Ossuary  | Acquired PriceMaster's Secrets of Clouds
  6791 | Ossuary  | Gained mutation: Your muscles are strong. (Str +4, Int/Dex
                  | -1) [potion of mutation]
  6791 | Ossuary  | Gained mutation: You are somewhat resistant to further
                  | mutation. [potion of mutation]
  6792 | Ossuary  | Lost mutation: Your muscles are strong. (Str +4, Int/Dex
                  | -1) [potion of mutation]
  6792 | Ossuary  | Lost mutation: You are somewhat resistant to further
                  | mutation. [potion of mutation]
  6792 | Ossuary  | Gained mutation: You sometimes lose your temper in combat.
                  | [potion of mutation]
  6792 | Ossuary  | Gained mutation: You occasionally shout uncontrollably at
                  | your foes. [potion of mutation]
  6792 | Ossuary  | Gained mutation: Your mind is acute. (Int +4, Str/Dex -1)
                  | [potion of mutation]
  6792 | Ossuary  | Gained mutation: You are agile. (Dex +4, Str/Int -1)
                  | [potion of mutation]
  6793 | Ossuary  | Lost mutation: You occasionally shout uncontrollably at
                  | your foes. [potion of mutation]
  6793 | Ossuary  | Lost mutation: You sometimes lose your temper in combat.
                  | [potion of mutation]
  6793 | Ossuary  | Gained mutation: You are very agile. (Dex +8, Str/Int -2)
                  | [potion of mutation]
  6793 | Ossuary  | Gained mutation: Your spells are a little harder to cast,
                  | but a little more powerful. [potion of mutation]
  7101 | D:6      | Reached skill level 9 in Fire Magic
  7156 | D:6      | Found a burning altar of Makhleb.
  7165 | D:6      | Found a white marble altar of Elyvilon.
  7814 | D:6      | Became a worshipper of Vehumet
  7885 | D:6      | Learned a level 3 spell: Gell's Gravitas
  8078 | D:7      | Reached skill level 1 in Translocations
  8617 | D:7      | Reached skill level 10 in Fire Magic
  8632 | D:7      | Reached * piety under Vehumet
  8632 | D:7      | Offered knowledge of Magic Dart by Vehumet.
  8810 | D:7      | Found a staircase to the Ecumenical Temple.
  9163 | D:8      | Reached XP level 10. HP: 58/58 MP: 10/19
  9551 | D:8      | Lost mutation: Your spells are a little harder to cast, but
                  | a little more powerful. [potion of mutation]
  9551 | D:8      | Lost mutation: Your mind is acute. (Int +4, Str/Dex -1)
                  | [potion of mutation]
  9551 | D:8      | Lost mutation: You are very agile. (Dex +8, Str/Int -2)
                  | [potion of mutation]
  9551 | D:8      | Gained mutation: Your body sometimes deteriorates upon
                  | taking damage. [potion of mutation]
  9551 | D:8      | Gained mutation: Your muscles are strong. (Str +4, Int/Dex
                  | -1) [potion of mutation]
  9930 | D:8      | Noticed a skeletal warrior
  9942 | D:8      | Killed from afar by a steam dragon

Illustrated notes

Levels and vault maps discovered:
D:1:      minmay_arrival_open_corners, layout_loops_cross,
          minmay_misc_feat_tower, st_stairs_8
D:2:      layout_basic, supply_closet_lemuel, hex_medium
D:3:      layout_basic
D:4:      layout_rooms, serial_shops, nicolae_stop_n_shop_2, grunt_ministairs_7,
          uniq_pikel, uniq_grinder
D:5:      layout_basic, nicolae_overflow_two_pavilions
D:6:      layout_rooms, mainiacjoe_overflow_swirl, mainiacjoe_overflow_alcove_1,
          nicolae_ossuary_entry_monument
D:7:      layout_basic, minmay_temple_entry_drinking_statues
D:8:      cheibrodos_fzero, layout_basic, corexii_leaking_fountain

Skill      XL: |  1  2  3  4  5  6  7  8  9 10 |
---------------+-------------------------------+-----
Stealth        | 3 4 |  4.7
Fire Magic     | 4 5 6 7 8 10 | 10.4
Conjurations   | 2 3 4 |  4.0
Spellcasting   | 3 4 5 6 |  6.9
Fighting       | 1 |  1.2
Short Blades   | 1 |  1.4
Hexes          | 1 2 3 |  3.4
Translocations | 1 2 |  2.2
Dodging        | |  2.8

Action                     |  1- 3 |  4- 6 |  7- 9 | 10-12 || total
---------------------------+-------+-------+-------+-------++-------
  Melee: Unarmed           |     5 |       |       |       ||     5
         Constrict         |     7 |     8 |    10 |       ||    25
         Tentacles         |     2 |     7 |    10 |     1 ||    20
         Dagger            |    20 |    42 |    39 |     4 ||   105
   Cast: Foxfire           |    19 |    48 |   128 |    11 ||   206
         Scorch            |     6 |    10 |    21 |     8 ||    45
         Inner Flame       |       |     8 |    41 |     4 ||    53
         Flame Wave        |       |       |     3 |     1 ||     4
         Volatile Blastmot |       |       |    10 |     5 ||    15
         Gell's Gravitas   |       |       |     5 |       ||     5
    Use: Potion            |       |     1 |     7 |     4 ||    12
         Scroll            |       |       |    26 |     5 ||    31
   Stab: Sleeping          |     3 |     4 |     4 |       ||    11
 Armour: Skin              |    13 |    28 |    16 |    14 ||    71
  Dodge: Dodged            |    22 |    32 |    34 |    10 ||    98

Table legend: (Time is in decaauts)
 A = Elapsed time spent in this place.
 B = Non-inter-level travel time spent in this place.
 C = Inter-level travel time spent in this place.
 D = Time resting spent in this place.
 E = Time spent auto-exploring this place.
 F = Levels seen in this place.
 G = Mean time per level.
                   A        B        C        D        E       F      G
               +--------+--------+--------+--------+--------+-----+--------+
         Total |   9920 |   9613 |    307 |   3032 |   5333 |   9 | 1102.2 |
       Dungeon |   8663 |   8356 |    307 |   2037 |   5285 |   8 | 1082.9 |
       Ossuary |   1256 |   1256 |      0 |    995 |     48 |   1 | 1256.0 |
               +--------+--------+--------+--------+--------+-----+--------+

Top non-repeatable levels by time:
     D:6: 1322 daAuts
 Ossuary: 1256 daAuts
     D:7: 1246 daAuts
     D:4: 1226 daAuts
     D:5: 1190 daAuts
     D:2: 1181 daAuts
     D:1: 856 daAuts
     D:3: 835 daAuts
     D:8: 805 daAuts
